 Dungeon Crawl Stone Soup version 0.29.1-12-g30fa7ad0bf (webtiles) character file.

Game seed: 12818361232423340177

3007 fantasyman the Cleaver (level 9, -1/73 (75) HPs)
             Began as a Demigod Fighter on Jan 6, 2023.
             Shot with an arrow by a centaur (5 damage)
             ... on level 7 of the Dungeon.
             The game lasted 00:09:41 (8722 turns).

fantasyman the Cleaver (Demigod Fighter)            Turns: 8722, Time: 00:09:41

HP:   -1/73 (75)    AC: 11    Str: 29    XL:     9   Next: 29%
MP:   11/11         EV:  8    Int: 10    God:
Gold: 234           SH:  0    Dex: 13    Spells: 8/8 levels left

rFire   . . .      SeeInvis .   q - +4 battleaxe (freeze)
rCold   . . .      Faith    .   (shield currently unavailable)
rNeg    . . .      Spirit   .   r - +0 chain mail
rPois   .          Reflect  .   (no helmet)
rElec   .          Harm     .   (no cloak)
rCorr   .          Rampage  .   l - +0 pair of gloves
Will    .....                   (no boots)
Stlth   ..........              (no amulet)
HPRegen 0.22/turn               g - +4 ring of slaying
MPRegen 0.12/turn               (no ring)

@: hasted, lightly drained, very quick
A: high MP 1, forlorn, divine attributes
a: no special abilities


You were on level 7 of the Dungeon.
You visited 1 branch of the dungeon, and saw 7 of its levels.

You collected 234 gold pieces.

Inventory:

Hand Weapons
 a - a +0 war axe
 q - a +4 battleaxe of freezing (weapon)
Armour
 b - a +0 scale mail
 c - a +0 buckler
 l - a +0 pair of gloves (worn)
 r - a +0 chain mail (worn)
Jewellery
 g - a +4 ring of slaying (left hand)
Wands
 d - a wand of digging (9)
 n - a wand of roots (3)
 s - a wand of acid (5)
Scrolls
 h - a scroll of magic mapping
 k - 4 scrolls of immolation
 p - a scroll of identify
Potions
 f - 2 potions of brilliance
 j - 2 potions of attraction
 m - a potion of degeneration
 o - a potion of lignification


   Skills:
 + Level 6.0 Fighting
 + Level 9.2 Axes
 + Level 6.9 Armour
 - Level 2.8 Shields


You had 8 spell levels left.
You didn't know any spells.
Your spell library contained the following spells:

 Spells                   Type           Power      Damage    Failure   Level
 Apportation              Tloc           0%         N/A       87%         1
 Scorch                   Fire           0%         2d5       95%         2
 Sublimation of Blood     Necr           0%         N/A       95%         2
 Wereblood                Tmut           0%         N/A       95%         2
 Confusing Touch          Hex            0%         N/A       99%         3
 Portal Projectile        Hex/Tloc       0%         N/A       99%         3
 Tukima's Dance           Hex            0%         N/A       99%         3
 Flame Wave               Conj/Fire      0%         2d4       100%        4
 Blade Hands              Tmut           0%         N/A       100%        5
 Manifold Assault         Tloc           0%         N/A       100%        5
 Yara's Violent Unravell  Hex/Tmut       0%         3d3       100%        5
 Summon Cactus Giant      Summ           0%         N/A       100%        6
 Enfeeble                 Hex            0%         N/A       100%        7
 Summon Hydra             Summ           0%         N/A       100%        7


Dungeon Overview and Level Annotations

Branches:
Dungeon (7/15)             Temple (0/1) D:5

Shops:
D:6 :

Portals:
Abyss: D:7

Annotations:
D:4 2 transporters, ctx's ghost, novice GnEE
D:7 1 transporter, safid's ghost, novice MfIE


Innate Abilities, Weirdness & Mutations

You have an increased reservoir of magic. (+10% MP)
You shall have no god before yourself.
Your divine heritage dramatically boosts your attributes as you level up.


Message History

The bullfrog hits you but does no damage.
You barely miss the bullfrog.
The bullfrog is moderately wounded.
The bullfrog barely misses you. The bullfrog hits you.
You slash the bullfrog! You freeze the bullfrog.
The bullfrog is almost dead.
You hit the wight.
The bullfrog hits you but does no damage.
The wight hits you but does no damage.
You closely miss the bullfrog.
The bullfrog is almost dead.
You barely miss the wight.
The bullfrog hits you but does no damage.
The orc priest mumbles some strange prayers to Beogh against you.
Beogh smites you!
* * * LOW HITPOINT WARNING * * *
The wight hits you but does no damage.
The wight hits you from afar with a +0 halberd!
* * * LOW HITPOINT WARNING * * *
You feel better. The bullfrog hits you.
* * * LOW HITPOINT WARNING * * *
You slice the bullfrog!!
The bullfrog seems to slow down.
You freeze the bullfrog.
You kill the bullfrog!
You slash the wight! The wight closely misses you.
The wight hits you with a +0 dagger.
* * * LOW HITPOINT WARNING * * *
Your Fighting skill increases to level 6!
Your extra speed is starting to run out.
The centaur shoots an arrow.
The arrow hits you.
* * * LOW HITPOINT WARNING * * *
You feel as though your hastened speed will last longer.
The centaur shoots an arrow.
The arrow hits you but does no damage.
The centaur shoots an arrow.
The arrow hits you but does no damage.
The centaur shoots an arrow.
The arrow barely misses you.
The centaur shoots an arrow.
The arrow hits you but does no damage.
You slash the wight!
You destroy the wight!
The centaur shoots an arrow.
The arrow hits you.
You die...

.## ..# ##. #.
#.###.. ##.
#.#...# #..
###...#####
##.###..........
#..#c)@.........
##..c.#.......#
#...#.#......##
#..##.#...####
#cz##....## ..
#..###..[# #.# #
#..# ##.)## # #
##.#.c# #)..# .#
#....### #...#
..##


You could see 2 centaurs.

Vanquished Creatures
  Pikel (D:5)
  Grinder (D:3)
  Duvessa (D:4)
  3 black bears
  An ice beast (D:5)
  A hornet zombie (D:6)
  A centaur (D:6)
  A lemure (D:6)
  A phantom (D:6)
  3 bullfrogs
  3 necrophages (D:6)
  3 scorpions
  3 wights
  Dowan (D:4)
  3 bullfrog zombies (D:6)
  A jelly (D:6)
  A centaur zombie (D:6)
  2 hounds
  A human zombie (D:6)
  3 orc priests (D:6)
  9 iguanas
  6 orc wizards
  3 mummies (D:6)
  7 adders
  3 white imps (D:6)
  3 worms
  2 dart slugs
  7 orcs
  10 endoplasms
  4 giant cockroaches
  6 goblins
  10 hobgoblins
  10 jackals
  4 quokkas
  3 ball pythons
  7 bats
  3 frilled lizards
  8 kobolds
  5 rats
145 creatures vanquished.

Notes
Turn   | Place    | Note
-------+----------+-------------------------------------------
     0 | D:1      | fantasyman the Demigod Fighter began the quest for the Orb.
     0 | D:1      | Reached XP level 1. HP: 18/18 MP: 3/3
   257 | D:1      | Reached XP level 2. HP: 24/26 MP: 4/4
   524 | D:1      | Reached skill level 2 in Axes
   743 | D:1      | Reached XP level 3. HP: 31/31 MP: 5/5
  2144 | D:3      | Noticed Grinder
  2161 | D:3      | Killed Grinder
  2162 | D:3      | Reached skill level 4 in Axes
  2162 | D:3      | Reached XP level 4. HP: 20/40 MP: 6/6
  2162 | D:3      | Reached XP level 5. HP: 23/46 MP: 7/7
  3355 | D:4      | Found a transporter.
  3362 | D:4      | Noticed ctx's ghost (novice GnEE)
  3363 | D:4      | Found a transporter.
  3369 | D:4      | Reached XP level 6. HP: 34/52 MP: 8/8
  3618 | D:4      | Reached skill level 5 in Axes
  4080 | D:4      | Noticed Duvessa
  4081 | D:4      | Noticed Dowan
  4088 | D:4      | Killed Duvessa
  4089 | D:4      | Reached XP level 7. HP: 32/59 MP: 9/9
  4091 | D:4      | Killed Dowan
  4092 | D:4      | Reached skill level 6 in Axes
  4629 | D:5      | Entered Level 5 of the Dungeon
  5392 | D:5      | Noticed Pikel
  5401 | D:5      | Reached skill level 5 in Armour
  5910 | D:5      | Found a staircase to the Ecumenical Temple.
  5933 | D:5      | Killed Pikel
  5934 | D:5      | Reached skill level 5 in Fighting
  5934 | D:5      | Reached skill level 7 in Axes
  5934 | D:5      | Reached XP level 8. HP: 14/68 MP: 10/10
  6985 | D:6      | Found Ulaz's Book Shoppe.
  7105 | D:6      | Reached skill level 8 in Axes
  7222 | D:6      | Got the Parchment of Peregrination
  7533 | D:6      | Reached XP level 9. HP: 60/74 MP: 11/11
  8260 | D:6      | Reached skill level 9 in Axes
  8623 | D:7      | Found a transporter.
  8643 | D:7      | Found a one-way gate to the infinite horrors of the Abyss.
  8643 | D:7      | Noticed safid's ghost (novice MfIE)
  8700 | D:7      | HP: 1/71 [wight/+0 halberd (8)]
  8710 | D:7      | HP: 3/73 [centaur/arrow (1)]
  8722 | D:7      | Shot with an arrow by a centaur

Illustrated notes

Levels and vault maps discovered:
D:1:      wander_arrival_desolate, layout_basic,
          shapermc_ecumenical_altar_acropolis, kennysheep_decorative_pillar
D:2:      layout_basic
D:3:      layout_rooms, serial_corexii_hall, corexii_hall_statues_l,
          corexii_hall_statues_l, corexii_hall_statues_x,
          minmay_misc_feat_alley, nrook_uturn, minmay_door_square, uniq_grinder
D:4:      layout_basic, serial_corexii_hall, corexii_hall_statues_deadend,
          chequers_hall_statues_y, gammafunk_ghost_mausoleum,
          chequers_decorated_corner, minmay_misc_feat_plants, uniq_duvessa
D:5:      layout_basic, kennysheep_little_box, nicolae_overflow_crystal_walls,
          minmay_temple_entry_statues_fountains,
          hangedman_abyss_or_decor_lesser_grid, uniq_pikel
D:6:      layout_rooms, lemuel_mausoleum_altar_yredelemnul,
          mainiacjoe_overflow_large_starburst, serial_shops, shop
D:7:      layout_rooms, makhleb_grotto_becter, gammafunk_ghost_abyssal_escape,
          enter_bailey_3

Skill      XL: |  1  2  3  4  5  6  7  8  9 |
---------------+----------------------------+-----
Fighting       | 3 4 5 6 |  6.0
Armour         | 3 4 5 6 |  6.9
Axes           | 2 4 5 7 8 9 |  9.2
Shields        | |  2.8

Action                   |  1- 3 |  4- 6 |  7- 9 || total
-------------------------+-------+-------+-------++-------
Melee: War axe           |   117 |   104 |   234 ||   455
       Battleaxe         |       |       |     6 ||     6
  Use: Scroll            |     3 |     9 |     6 ||    18
       Potion            |       |     1 |     9 ||    10
Armor: Scale mail        |    55 |    45 |    53 ||   153
       Chain mail        |       |       |    87 ||    87
       Skin              |       |       |    10 ||    10
Dodge: Dodged            |    53 |    39 |    88 ||   180
Block: Buckler           |    25 |    21 |    59 ||   105
